 Dungeon Crawl Stone Soup version 0.29.0-5-ge4962eb29e (webtiles) character file.

Game seed: 1288780075832148431

88 tizbic2 the Covered (level 4, -3/23 HPs)
             Began as a Vine Stalker Fighter on Aug 29, 2022.
             Slain by Grinder (5 damage)
             ... while paralysed by Grinder
             ... on level 3 of the Dungeon.
             The game lasted 00:05:06 (1264 turns).

tizbic2 the Covered (Vine Stalker Fighter)          Turns: 1264, Time: 00:05:07

Health: -3/23      AC:  6    Str: 18    XL:     4   Next: 53%
Magic:  0/6        EV:  2    Int: 10    God:
Gold:   98         SH:  0    Dex: 14    Spells: 5/5 levels left

rFire   . . .      SeeInvis .   m - +0 hand axe
rCold   . . .      Faith    .   c - +0 buckler
rNeg    . . .      Spirit   +   b - +0 scale mail
rPois   .          Reflect  .   (no helmet)
rElec   .          Harm     .   (no cloak)
rCorr   .          Rampage  .   (no gloves)
Will    .....                   (no boots)
Stlth   ..........              (no amulet)
HPRegen 0.87/turn               h - ring of flight
MPRegen 0.10/turn               (no ring)

@: paralysed, flying
A: fangs 2, regeneration 1, magic shield, antimagic bite, no potion heal 2
a: no special abilities


You were on level 3 of the Dungeon.
You visited 1 branch of the dungeon, and saw 4 of its levels.

You collected 98 gold pieces.

Inventory:

Hand Weapons
 a - a +0 war axe
 m - a +0 hand axe (weapon)
Armour
 b - a +0 scale mail (worn)
 c - a +0 buckler (worn)
Jewellery
 h - a ring of flight (left hand)
Scrolls
 g - a scroll of enchant weapon {unknown}
 k - a scroll of teleportation {unknown}
 l - a scroll of enchant armour {unknown}
 n - a scroll of butterflies {unknown}
 p - a scroll of identify {unknown}
Potions
 d - a potion of might
 e - a potion of berserk rage {unknown}
 f - a potion of cancellation {unknown}
 i - a potion of ambrosia {unknown}
 j - 2 potions of heal wounds {unknown}
 o - a potion of brilliance {unknown}


   Skills:
 + Level 2.9 Fighting
 * Level 2.7 Axes
 * Level 3.0 Armour
 + Level 3.0 Shields
 + Level 1.1 Spellcasting
 + Level 1.0 Air Magic


You had 5 spell levels left.
You didn't know any spells.
Your spell library contained the following spells:

 Spells                   Type           Power      Damage    Failure   Level
 Static Discharge         Conj/Air       1%         3-4/arc   86%         2
 Dispel Undead            Necr           0%         3d6       100%        4
 Sticky Flame             Conj/Fire      0%         2d3       100%        4


Dungeon Overview and Level Annotations

Branches:
Dungeon (4/15)
 Temple: D:4-7

Altars:
Kikubaaqudgha

Annotations:
D:3 Grinder


Innate Abilities, Weirdness & Mutations

You have extremely sharp teeth.
Your natural rate of healing is unusually fast.
When hurt, damage is shared between your health and your magic reserves.
Your bite disrupts and absorbs the magic of your enemies.
Potions cannot restore your health.


Message History

You hit the ball python.
You kill the ball python!
Grinder comes into view.
She is carrying a wand of digging (4).
Grinder shouts!
Grinder hits you but does no damage.
You hit Grinder.
Grinder is lightly wounded.
Grinder closely misses you.
You hit Grinder. Your bite misses Grinder.
Grinder is moderately wounded.
Grinder gestures at you.
You suddenly lose the ability to move!
Grinder hits you.
Grinder blinks!
Grinder blinks!
You can move again.
Found 15 gold pieces.
Grinder blinks!
Found a war axe.
You barely miss Grinder. Your bite misses Grinder.
Grinder is lightly wounded.
Grinder barely misses you.
You closely miss Grinder. You bite Grinder.
Grinder's magic leaks into the air.
You drain her magic.
Grinder is moderately wounded.
Grinder falters for a moment.
Grinder hits you.
You writhe in agony.
You barely miss Grinder. Your bite misses Grinder.
Grinder is moderately wounded.
Grinder hits you.
You writhe in agony.
You hit Grinder. You bite Grinder.
Grinder's magic leaks into the air.
You drain her magic.
You feel invigorated.
Grinder is heavily wounded.
Grinder gestures at you.
You suddenly lose the ability to move!
Grinder hits you!
You writhe in agony.
* * * LOW HITPOINT WARNING * * *
Grinder hits you.
* * * LOW HITPOINT WARNING * * *
You writhe in agony.
You die...

#.# #..........#.#
#.# ##########.#.#
#.# #.#.# #.#
#.#.# #.# #.#.#
#.############.#.#
#............#.#
#.........$..#.#
#.....@5.....#
#............#
#...........)#
#............#
#............#
#.............
...............
##.............


You could see Grinder (magic disrupted).

Vanquished Creatures
  Natasha (D:3)
  A gnoll (D:1)
  An adder (D:4)
  A worm (D:3)
  A dart slug (D:1)
  3 orcs (D:4)
  4 ball pythons
  5 bats (D:1)
  2 endoplasms (D:1)
  2 giant cockroaches
  A hobgoblin (D:1)
  3 jackals (D:1)
  A quokka (D:1)
  A frilled lizard (D:1)
  4 goblins (D:1)
  3 kobolds (D:1)
  4 rats (D:1)
38 creatures vanquished.

Notes
Turn   | Place    | Note
-------+----------+-------------------------------------------
     0 | D:1      | tizbic2 the Vine Stalker Fighter began the quest for the
                  | Orb.
     0 | D:1      | Reached XP level 1. HP: 11/11 MP: 2/2
   250 | D:1      | Reached XP level 2. HP: 14/16 MP: 3/3
   418 | D:1      | Reached XP level 3. HP: 13/19 MP: 2/5
   933 | D:2      | You are sucked into a shaft and drop 2 floors!
   934 | D:4      | Found an ancient bone altar of Kikubaaqudgha.
  1084 | D:4      | Gained mutation: Your natural rate of healing is unusually
                  | fast. [Vine Stalker growth]
  1084 | D:4      | Reached XP level 4. HP: 19/23 MP: 4/6
  1113 | D:3      | Noticed Natasha
  1138 | D:3      | Killed Natasha
  1139 | D:3      | Reached skill level 1 in Spellcasting
  1139 | D:3      | Reached skill level 1 in Air Magic
  1247 | D:3      | Noticed Grinder
  1250 | D:3      | Paralysed by Grinder for 4 turns
  1262 | D:3      | Paralysed by Grinder for 3 turns
  1264 | D:3      | Slain by Grinder

Illustrated notes

Levels and vault maps discovered:
D:1:      nicolae_arrival_washed_ashore, layout_loops_ring
D:2:      layout_loops_ring, ebering_ecumenical_altar_abandoned
D:3:      layout_basic, nicolae_dithmenos_the_darkroom, serial_shops,
          nicolae_shop_stone, uniq_terence, uniq_grinder, uniq_sigmund,
          uniq_natasha
D:4:      layout_loops_cross, kiku_gazebo_pond_becter,
          lemuel_coloured_pillars_altar

Skill      XL: |  1  2  3  4 |
---------------+-------------+-----
Axes           | 2 |  2.7
Armour         | 3 |  3.0
Spellcasting   | 1 |  1.1
Air Magic      | 1 |  1.0
Shields        | 3 |  3.0
Fighting       | |  2.9

Action                   |  1- 3 |  4- 6 || total
-------------------------+-------+-------++-------
Melee: War axe           |    80 |       ||    80
       Bite              |    20 |     5 ||    25
       Hand axe          |     8 |    23 ||    31
Armor: Scale mail        |    52 |     5 ||    57
Dodge: Dodged            |    52 |     6 ||    58
Block: Buckler           |    20 |     1 ||    21
